 Dungeon Crawl Stone Soup version 0.20-a0-9-g62d82d9 (webtiles) character file.

4670 Jivvin the Spear-Bearer (level 10, -2/70 HPs)
             Began as a Demonspawn Abyssal Knight on Nov 1, 2016.
             Was a Priest of Lugonu.
             Slain by a bullfrog (4 damage)
             ... on level 8 of the Dungeon.
             The game lasted 00:11:51 (11974 turns).

Jivvin the Spear-Bearer (DsAK)                     Turns: 11974, Time: 00:11:52

Health: -2/70      AC:  8    Str: 17    XL:     10   Next: 21%
Magic:  9/16       EV: 10    Int: 15    God:    Lugonu [***...]
Gold:   607        SH:  0    Dex: 12    Spells: 0 memorised, 9 levels left

rFire  . . .     SeeInvis .     t - +0 glaive
rCold  + . .     Gourm    .     g - +0 ring mail
rNeg   . . .     Faith    .     (shield currently unavailable)
rPois  .         Spirit   .     (helmet restricted)
rElec  .         Reflect  .     q - +0 cloak
rCorr  +         Harm     .     (no gloves)
MR     .....                    (no boots)
Stlth  +.........               i - amulet of rage
                                s - ring of protection from cold
                                j - ring of resist corrosion

@: lethally poisoned (-2 -> -4)
A: horns 2, thin metallic scales 1, clever 1, deterioration 2, powered by death
1
a: Depart the Abyss, Bend Space, Banish, Renounce Religion, Evoke Berserk Rage


You were on level 8 of the Dungeon.
You worshipped Lugonu.
Lugonu was most pleased with you.
You were not hungry.

You visited 1 branch of the dungeon, and saw 8 of its levels.
You visited the Abyss 1 time.

You collected 607 gold pieces.

Inventory:

Hand Weapons
 t - a +0 glaive (weapon)
Armour
 g - a +0 ring mail (worn)
 q - a +0 cloak (worn)
Jewellery
 i - an amulet of rage (around neck)
 j - a ring of resist corrosion (left hand)
 k - an uncursed ring of magical power
 s - a ring of protection from cold (right hand)
 y - an uncursed ring of fire
Wands
 m - a wand of confusion (44/48)
Scrolls
 o - a scroll of recharging
 p - 5 scrolls of remove curse
 u - a scroll of teleportation
 v - 3 scrolls of amnesia
 w - a scroll of magic mapping
Potions
 d - a potion of cancellation
 e - a potion of degeneration
 l - 2 potions of brilliance
 r - a potion of mutation
Comestibles
 a - a bread ration
 b - 6 beef jerkies
 c - 9 slices of pizza
 f - 5 meat rations
 h - a royal jelly
 n - 5 fruits


   Skills:
 - Level 3.0 Fighting
 + Level 12.4 Polearms
 - Level 1.7 Armour
 - Level 0.8 Dodging
 - Level 8.2 Invocations


You had 9 spell levels left.
You didn't know any spells.

Dungeon Overview and Level Annotations

Branches:
Dungeon (8/15)             Temple (0/1) D:7
   Lair: D:8-11

Altars:
Ashenzari
Hepliaklqana
Makhleb
Okawaru
Xom
The Shining One


Innate Abilities, Weirdness & Mutations

You have a pair of horns on your head.
You are partially covered in thin metallic scales. (AC +2)
You regenerate a little health from kills.
Your mind is acute. (Int +2)
Your body often deteriorates upon taking damage.


Message History

Lugonu claims a new guest.
You feel somewhat more hungry.
The bullfrog hits you but does no damage.
You barely miss the bullfrog.
You feel sick. The bullfrog barely misses you. The bullfrog hits you.
* * * LOW HITPOINT WARNING * * *
You hit the bullfrog. Your headbutt misses the bullfrog.
The bullfrog is lightly wounded.
You feel sick. The bullfrog hits you.
* * * LOW HITPOINT WARNING * * *
You slash the bullfrog!
The bullfrog is severely wounded.
The bullfrog hits you but does no damage.
The bullfrog hits you.
* * * LOW HITPOINT WARNING * * *
You feel extremely strange.
You feel yourself wasting away.
You feel your body start to fall apart.
* * * LOW HITPOINT WARNING * * *
You feel sick. The bullfrog hits you.
You die...

##...#(#=##.# ###..#.[
##...#. # #..#### .###.
#.######### # #.... ....#
#%........# #
#####...#.....# #########.#
# ######..#.. ..#
#........<# # #.........#
#.# #.#######.# #
#.........###'####.#.<....S#
#
#.........#...@F§..######..#
#.........#....§§..# #..#
#...............§..# #..#
###..................# #...
)[....)....#(........# ...##
##.......#...........# ####
#.......#....#.######
#.......#....#.#
#########.......


You could see a bullfrog.

Vanquished Creatures
  A hippogriff (D:7)
  Sigmund (D:5)
  A human (D:7)
  4 hogs (D:7)
  2 orc warriors
  4 ice beasts
  2 phantoms
  5 ogres
  A centaur (D:5)
  6 bullfrogs
  2 scorpions
  A killer bee (D:8)
  2 crimson imps (D:8)
  A bullfrog zombie (D:5)
  6 orc wizards
  A hound (D:6)
  3 orc priests
  5 iguanas
  6 worker ants
  Ijyb (D:2)
  A hound zombie (D:6)
  2 hound skeletons (D:4)
  Robin (D:3)
  15 gnolls
  11 adders
  2 shadow imps (D:5)
  A worm (D:4)
  2 dart slugs
  The ghost of cousintom the Sneak, a weakling SpAs (D:6)
  4 leopard geckos
  34 orcs
  A ball python (D:1)
  7 bats
  11 giant cockroaches
  20 goblins
  12 hobgoblins
  6 jackals (D:3)
  7 quokkas
  2 frilled lizards
  5 kobolds
  6 rats
  A fungus (D:2)
207 creatures vanquished.

Vanquished Creatures (others)
  The ghost of Marmot the Cleaver, a novice FoFi (D:5)
  The ghost of Lordarticus the Slinger, an amateur HaHu (D:4)
  A wyvern (D:8)
  2 orc warriors (D:8)
  An ogre (D:8)
  A gnoll sergeant (D:8)
  A scorpion (D:7)
  2 killer bees (D:8)
  2 orc priests (D:8)
  An orc wizard (D:8)
  A gnoll (D:8)
14 creatures vanquished.

Grand Total: 221 creatures vanquished

Notes
Turn   | Place    | Note
-------+----------+-------------------------------------------
     0 | Abyss:1  | Jivvin the Demonspawn Abyssal Knight began the quest for the Orb.
     0 | Abyss:1  | Reached XP level 1. HP: 18/18 MP: 2/2
    19 | D:1      | Escaped the Abyss
    46 | D:1      | Reached skill level 2 in Polearms
   227 | D:1      | Gained mutation: You are partially covered in thin metallic scales. (AC +2) [demonic ancestry]
   227 | D:1      | Reached XP level 2. HP: 15/24 MP: 3/3
   301 | D:1      | Reached skill level 3 in Polearms
   677 | D:1      | Reached ** piety under Lugonu
   677 | D:1      | Gained mutation: You regenerate a little health from kills. [demonic ancestry]
   677 | D:1      | Reached XP level 3. HP: 29/29 MP: 4/4
  1103 | D:2      | Noticed Robin
  1381 | D:3      | Killed Robin
  1381 | D:3      | Gained mutation: You have a pair of small horns on your head. [demonic ancestry]
  1381 | D:3      | Reached XP level 4. HP: 18/35 MP: 5/5
  1667 | D:2      | Reached skill level 4 in Polearms
  1833 | D:2      | Noticed Ijyb
  1881 | D:2      | Killed Ijyb
  2087 | D:2      | Reached XP level 5. HP: 32/41 MP: 6/6
  2661 | D:2      | Reached skill level 5 in Polearms
  3339 | D:3      | Reached *** piety under Lugonu
  3340 | D:3      | Found an iron altar of Okawaru.
  3657 | D:4      | Found a burning altar of Makhleb.
  3724 | D:4      | Noticed Lordarticus's ghost (amateur HaHu)
  3810 | D:4      | Noticed an ogre
  3821 | D:4      | Killed an ogre
  3821 | D:4      | Reached skill level 6 in Polearms
  3821 | D:4      | Gained mutation: You have a pair of horns on your head. [demonic ancestry]
  3821 | D:4      | Reached XP level 6. HP: 25/47 MP: 7/7
  3834 | D:4      | Banished Lordarticus's ghost
  4309 | D:4      | Reached skill level 7 in Polearms
  4309 | D:4      | Reached XP level 7. HP: 25/52 MP: 8/8
  4527 | D:4      | Found a shattered altar of Ashenzari.
  4824 | D:5      | Entered Level 5 of the Dungeon
  4879 | D:5      | Reached skill level 8 in Polearms
  5055 | D:5      | Noticed Sigmund
  5063 | D:5      | Killed Sigmund
  5063 | D:5      | Reached XP level 8. HP: 39/58 MP: 9/9
  5170 | D:5      | Noticed Marmot's ghost (novice FoFi)
  5707 | D:6      | Reached skill level 9 in Polearms
  6419 | D:6      | Found a shimmering altar of Xom.
  6420 | D:6      | Found a hazy altar of Hepliaklqana.
  6420 | D:6      | Noticed a hell beast
  6421 | D:6      | Noticed a hell beast
  6421 | D:6      | Noticed a spectral ugly thing
  6458 | D:6      | Noticed cousintom's ghost (weakling SpAs)
  6465 | D:6      | Killed cousintom's ghost
  6587 | D:6      | Reached skill level 10 in Polearms
  6996 | D:6      | Reached **** piety under Lugonu
  7342 | D:6      | Found a glowing golden altar of the Shining One.
  7374 | D:7      | Found a staircase to the Ecumenical Temple.
  8172 | D:7      | Noticed a hippogriff
  8186 | D:7      | Killed a hippogriff
  8186 | D:7      | Reached XP level 9. HP: 32/63 MP: 12/12
  8205 | D:7      | Reached skill level 5 in Invocations
  9553 | D:7      | Reached skill level 11 in Polearms
  9727 | D:5      | Banished Marmot's ghost
 10510 | D:8      | Reached XP level 10. HP: 20/70 MP: 16/16
 10763 | D:8      | Reached skill level 12 in Polearms
 10777 | D:8      | Gained mutation: Your mind is acute. (Int +2) [potion of beneficial mutation]
 10781 | D:8      | HP: 3/70 [orc/short sword (2)]
 10787 | D:8      | HP: 2/70 [orc/vampiric whip (5)]
 11973 | D:8      | HP: 3/70 [bullfrog (4)]
 11974 | D:8      | Gained mutation: Your body sometimes deteriorates upon taking damage. [potion of mutation]
 11974 | D:8      | Gained mutation: Your body often deteriorates upon taking damage. [potion of mutation]
 11974 | D:8      | Slain by a bullfrog

Vault maps used:
D:1:      minmay_arrival_up_and_down, hangedman_abyss_or_decor_lesser_grid
D:2:      kennysheep_the_goblin_king, minmay_gold_behind_fungi,
          wad_floor_pattern_2, grunt_decor_arrowhead, minmay_door_square,
          uniq_robin
D:3:      kennysheep_six_static_rooms, okawaru_metal_pillars_1_2
D:4:      bloody_makhleb, ashenzari_conservatory_becter, first_bread
D:5:      cheibrodos_quashed, due_unseen_surprise, uniq_sigmund
D:6:      regret_index_temple_of_mockery, tso_altar
D:7:      grunt_livestock
D:8:      eino_jars

Skill      XL: |  1  2  3  4  5  6  7  8  9 10 |
---------------+-------------------------------+-----
Polearms       | 2 3 4 6 7 8 10 11 12 | 12.4
Invocations    | 4 8 |  8.2
Fighting       | |  3.0
Armour         | |  1.7
Dodging        | |  0.8

Action                   |  1- 3 |  4- 6 |  7- 9 | 10-12 || total
-------------------------+-------+-------+-------+-------++-------
Melee: Spear             |   148 |    53 |       |       ||   201
       Halberd           |       |   100 |       |       ||   100
       Headbutt          |       |    21 |    55 |    10 ||    86
       Glaive            |       |    44 |   375 |    86 ||   505
Invok: Banish            |       |     1 |     4 |    11 ||    16
Evoke: Wand              |       |       |     4 |       ||     4
  Use: Scroll            |     2 |     6 |     8 |     3 ||    19
       Potion            |     2 |     4 |     6 |     2 ||    14
 Stab: Distracted        |       |     1 |       |       ||     1
       Confused          |       |       |     1 |       ||     1
  Eat: Chunk             |     2 |     2 |     6 |       ||    10
       Bread ration      |       |     2 |     4 |     1 ||     7
Armor: Leather armour    |    28 |    32 |       |       ||    60
       Ring mail         |       |    45 |   139 |    53 ||   237
       Skin              |       |    13 |       |       ||    13
Dodge: Dodged            |    72 |   100 |   208 |    72 ||   452
